 Dungeon Crawl Stone Soup version 0.27.0-1-g7a089689b8 (console) character file.

Game seed: 905320530056464152

12 thromnambular the Insei (level 2, -3/22 HPs)
             Began as a Djinni Transmuter on Aug 17, 2021.
             Slain by a gnoll (6 damage)
             ... on level 2 of the Dungeon.
             The game lasted 00:01:48 (1397 turns).

thromnambular the Insei (Djinni Transmuter)         Turns: 1397, Time: 00:01:49

Health: -3/22      AC:  2    Str:  9    XL:     2   Next: 45%
Gold:   41         EV: 12    Int: 14    God:
                   SH:  0    Dex: 13

rFire    + + .     SeeInvis .     - Unarmed
rCold    x . .     Faith    .   (no shield)
rNeg     . . .     Spirit   .   a - +0 robe
rPois    ∞         Reflect  .   (helmet currently unavailable)
rElec    .         Harm     .   (no cloak)
rCorr    +         Rampage  .   (no gloves)
Will     .....                  (boots unavailable)
Stlth    +.........             (no amulet)
HPRegen  0.07/turn              d - ring of resist corrosion
MPRegen  0.00/turn              (no ring)

@: appendages, wereblooded, flying
A: horns 2, flying, sickness immunity, fire resistance 2, cold vulnerability 1,
float, innate caster, hp casting, extra vitality 1
a: End Transformation


You were on level 2 of the Dungeon.
You had temporarily grown beastly horns.
You visited 1 branch of the dungeon, and saw 2 of its levels.

You collected 41 gold pieces.

Inventory:

Missiles
 e - 5 atropa-tipped darts
Armour
 a - a +0 robe (worn)
Jewellery
 d - a ring of resist corrosion (left hand)
Scrolls
 g - a scroll of enchant weapon {unknown}
Potions
 b - 2 potions of curing {unknown}
 c - a potion of cancellation {unknown}
 f - a potion of berserk rage {unknown}


   Skills:
 - Level 1.0 Fighting
 + Level 2.6 Dodging
 + Level 3.2 Unarmed Combat
 + Level 1.8 Spellcasting


You couldn't memorise any spells.
You knew the following spells:

 Your Spells              Type           Power      Damage    Failure   Level
a - Beastly Appendage     Tmut           12%        N/A       12%         1
b - Wereblood             Tmut           6%         N/A       17%         2
c - Spider Form           Tmut/Pois      3%         N/A       34%         3
d - Ice Form              Ice/Tmut       6%         N/A       75%         4
Your spell library was empty.

Dungeon Overview and Level Annotations

Branches:
Dungeon (2/15)

Altars:


Innate Abilities, Weirdness & Mutations

You have temporarily grown beastly horns.
You are flying.
You are immune to sickness and miasma.
You are immune to poison.
Your flesh is very heat resistant. (rF++)
You are vulnerable to cold. (rC-)
You float through the air rather than walking.
You learn spells naturally, not from books.
Your magical power is your life essence.
You have superior vitality. (+4 HP)


Message History

Where to? (? - help)
There is a stone staircase leading down here.
You fly downwards.
A gnoll comes into view. It is wielding a +0 spear.
The gnoll shouts!
You hear a shout! x3; You hear an angry hiss.
There is a stone staircase leading up here.
Casting: Beastly Appendage (safe; 12% risk of failure)
Confirm with . or Enter, or press ? or * to list all spells.
Okay, then.
You fly upwards.
There is a stone staircase leading down here.
There is an open door here.
You see here a +0 dagger.
There is a stone staircase leading down here.
You fly downwards.
There is a stone staircase leading up here.
A rat and 2 gnolls come into view.
The gnoll shouts!
You hear a shout!
Casting: Beastly Appendage (safe; 12% risk of failure)
Press: ? - help, Q - select action, (/) - cycle Dir - look around, f - activate You grow a pair of large bovine horns.
Casting: Beastly Appendage (safe; 12% risk of failure)
Confirm with . or Enter, or press ? or * to list all spells.
Your blood is infused with primal strength.
The rat barely misses you.
You hit the rat.
The rat is moderately wounded.
The gnoll misses you. The rat bites you but does no damage.
You hit the rat. Your headbutt misses the rat.
The rat is severely wounded.
The gnoll hits you from afar with a +0 halberd!
Ouch! That really hurt!
* * * LOW HITPOINT WARNING * * *
The rat closely misses you.
You hit the rat.
You feel a bit better.
You kill the rat!
The gnoll hits you from afar with a +0 halberd.
* * * LOW HITPOINT WARNING * * *
The gnoll hits you with a +0 halberd.
You die...

### #.#### #..g.#
##############g##.#
#.......@g......#.#
#.############..#.#
.......<..#g#
########..#.#
...#g# ###.#.. .#
.# .#


You could see 2 gnolls.

Vanquished Creatures
  An endoplasm (D:1)
  3 giant cockroaches (D:1)
  2 goblins (D:1)
  A ball python (D:1)
  2 bats (D:1)
  A frilled lizard (D:1)
  2 rats
12 creatures vanquished.

Notes
Turn   | Place    | Note
-------+----------+-------------------------------------------
     0 | D:1      | thromnambular the Djinni Transmuter began the quest for the
                  | Orb.
     0 | D:1      | Reached XP level 1. HP: 17/17 MP: 0/0
   572 | D:1      | Reached XP level 2. HP: 21/22 MP: 0/0
  1397 | D:2      | Slain by a gnoll

Illustrated notes

Levels and vault maps discovered:
D:1:      nzn_arrival_settlement, layout_basic, kennysheep_small_spiral,
          minmay_surrounded
D:2:      layout_basic, minmay_tetromino_o4, uniq_natasha

Action                   || total
-------------------------++-------
Melee: Unarmed           ||    59
       Headbutt          ||     2
 Cast: Beastly Appendage ||     8
       Wereblood         ||     2
Armor: Robe              ||    12
Dodge: Dodged            ||    46
